 Dungeon Crawl Stone Soup version 0.31-a0-145-g046c7d2549 (webtiles) character file.

Game seed: 17583917041050073594

179 qw the Shooter (level 5, -3/47 HPs)
             Began as a Minotaur Hunter on June 7, 2023.
             Slain by a gnoll sergeant
             ... wielding a +0 spear
              (10 damage)
             ... on level 3 of the Dungeon.
             The game lasted 00:00:43 (2177 turns).

qw the Shooter (Minotaur Hunter)                    Turns: 2177, Time: 00:00:44

Health: -3/47      AC:  5    Str: 16    XL:     5   Next: 33%
Magic:  4/4        EV: 12    Int:  6    God:
Gold:   135        SH:  0    Dex: 15    Spells: 4/4 levels left

rFire   . . .        Y - +0 shortbow (freeze)
rCold   . . .        (shield currently unavailable)
rNeg    . . .        c - +0 leather armour
rPois   .            (helmet restricted)
rElec   .            (no cloak)
rCorr   .            (no gloves)
SInv    .            g - +1 pair of boots
Will    .....        (no amulet)
Stlth   +            (no ring)
HPRegen 0.27/turn    (no ring)
MPRegen 0.09/turn

%: no passive effects
@: no status effects
A: horns 2, retaliatory headbutt
a: no special abilities


You were on level 3 of the Dungeon.
You visited 1 branch of the dungeon, and saw 3 of its levels.

You collected 135 gold pieces.


Innate Abilities, Weirdness & Mutations

You have a pair of horns on your head.
You reflexively headbutt those who attack you in melee.


   Skills:
 - Level 4.4 Fighting
 + Level 6.3 Ranged Weapons
 - Level 1.0 Armour
 - Level 2.1 Dodging
 - Level 0.7 Stealth


You had 4 spell levels left.
You didn't know any spells.
Your spell library was empty.

Inventory:

Hand Weapons
 Y - a +0 shortbow of freezing (weapon)
Armour
 b - a +0 ring mail
 c - a +0 leather armour (worn)
 g - a +1 pair of boots (worn)
Scrolls
 a - a scroll of teleportation {unknown}
Potions
 d - a potion of berserk rage {unknown}
 e - a potion of curing {unknown}
 f - a potion of heal wounds {unknown}

Dungeon Overview and Level Annotations

Branches:
Dungeon (3/15)

Altars:

Shops:
D:3 [

Portals:
Abyss: D:3

Annotations:
D:3 2 transporters, qw's ghost, amateur GrFi


Message History

The arrow hits the gnoll sergeant.
The arrow freezes the gnoll sergeant.
The gnoll sergeant is heavily wounded.
You hear a shout!
The gnoll sergeant completely misses you.
You shoot an arrow.
The arrow hits the gnoll sergeant but does no damage.
The gnoll sergeant is heavily wounded.
The gnoll sergeant hits you from afar with a +0 spear!
You shoot an arrow. The arrow hits the gnoll sergeant!
The arrow freezes the gnoll sergeant.
The gnoll sergeant is severely wounded.
The gnoll sergeant hits you from afar with a +0 spear!
You shoot an arrow.
The arrow barely misses the gnoll sergeant.
A gnoll comes into view. It is wielding a +2 heavy flail.
The gnoll sergeant misses you.
You shoot an arrow.
The arrow hits the gnoll sergeant but does no damage.
The gnoll sergeant is severely wounded.
The gnoll sergeant barely misses you.
You shoot an arrow.
The arrow closely misses the gnoll sergeant.
The gnoll sergeant hits you from afar with a +0 spear!
You shoot an arrow.
The arrow hits the gnoll sergeant but does no damage.
The gnoll sergeant is severely wounded.
The gnoll sergeant hits you from afar with a +0 spear.
You shoot an arrow.
The arrow hits the gnoll sergeant but does no damage.
The gnoll sergeant is severely wounded.
The gnoll sergeant closely misses you.
You shoot an arrow.
The arrow hits the gnoll sergeant but does no damage.
The gnoll sergeant is severely wounded.
The gnoll sergeant hits you from afar with a +0 spear.
You shoot an arrow.
The arrow hits the gnoll sergeant but does no damage.
The gnoll sergeant is severely wounded.
The gnoll sergeant hits you from afar with a +0 spear! x2
You die...

.#.# #.# ##.#
#.# .# #.# .#
#.# .# #.# .#
#.# .# #.# .#
#.###########
.#
#.........@.#
o#
###########.#
.#.# g# ...#
g# #### g# .#
.# .#


You could see a gnoll sergeant and 2 gnolls.

Vanquished Creatures
  2 orc priests (D:3)
  Jessica (D:3)
  2 gnolls
  2 adders
  A worm (D:3)
  A dart slug (D:2)
  An orc (D:3)
  6 endoplasms
  5 giant cockroaches
  6 goblins
  3 hobgoblins
  3 jackals (D:1)
  2 quokkas
  A ball python (D:1)
  4 bats (D:1)
  4 frilled lizards
  5 kobolds
  3 rats
  A spectral hobgoblin (D:2)
53 creatures vanquished.

Notes
Turn   | Place    | Note
-------+----------+-------------------------------------------
     0 | D:1      | qw the Minotaur Hunter began the quest for the Orb.
     0 | D:1      | Reached XP level 1. HP: 18/18 MP: 0/0
     0 | D:1      | 0 ||| qw: Version: 0.2-a-117-gc6b5c8b
     0 | D:1      | 0 ||| qw: Game counter: 2463
     0 | D:1      | 0 ||| qw: Always use a shield: true
     0 | D:1      | 0 ||| qw: God list: Okawaru
     0 | D:1      | 0 ||| qw: Allow faded altars: false
     0 | D:1      | 0 ||| qw: Do Orc after D:15 true
     0 | D:1      | 0 ||| qw: Do second Lair branch before Depths: true
     0 | D:1      | 0 ||| qw: Lair rune preference: random
     0 | D:1      | 0 ||| qw: Plans: Normal
     0 | D:1      | 0 ||| PLANNING D:1-11
    93 | D:1      | Reached skill level 5 in Ranged Weapons
    93 | D:1      | Reached XP level 2. HP: 25/25 MP: 1/1
   349 | D:1      | Reached skill level 3 in Fighting
   492 | D:1      | Reached XP level 3. HP: 31/31 MP: 2/2
   913 | D:1      | 913 ||| READING scroll labelled SEUPERR DAOC.
   914 | D:1      | 914 ||| READING scroll labelled RICADI TACI.
   915 | D:1      | 915 ||| READING scroll labelled GUISKAKHIKH.
   916 | D:1      | 916 ||| READING scroll labelled MUNEFO JUYPH.
   917 | D:1      | 917 ||| DROPPING scroll of butterflies.
  1226 | D:2      | Found a faded altar of an unknown god.
  1605 | D:2      | 1605 ||| UPGRADING to +0 pair of boots.
  1610 | D:2      | 1610 ||| READING scroll of enchant armour.
  1610 | D:2      | 1610 ||| ENCHANTING +0 pair of boots.
  1611 | D:2      | 1611 ||| READING scroll labelled FEZUTHR OPEONA.
  1612 | D:2      | 1612 ||| READING scroll labelled LEUD LER KOKLA.
  1686 | D:3      | Reached XP level 4. HP: 38/38 MP: 3/3
  1702 | D:3      | Reached skill level 6 in Ranged Weapons
  1836 | D:3      | Found Lustyrgh's Armour Shop.
  1841 | D:3      | 1841 ||| SHOPLISTING +0 pair of gloves of Pathos {rElec rN+
                  | Str-4 Dex+5} (347 gold, have 106).
  1858 | D:3      | Found a transporter.
  1867 | D:3      | Noticed a small abomination
  1891 | D:3      | Noticed a small abomination
  1893 | D:3      | Found a one-way gate to the infinite horrors of the Abyss.
  1893 | D:3      | Noticed qw's ghost (amateur GrFi)
  1913 | D:3      | Reached skill level 1 in Armour
  1928 | D:3      | Found a transporter.
  2040 | D:3      | 2040 ||| FLEEEEING.
  2041 | D:3      | 2041 ||| FLEEEEING.
  2042 | D:3      | 2042 ||| FLEEEEING.
  2047 | D:3      | 2047 ||| FLEEEEING.
  2048 | D:3      | 2048 ||| FLEEEEING.
  2049 | D:3      | 2049 ||| FLEEEEING.
  2061 | D:3      | 2061 ||| FLEEEEING.
  2062 | D:3      | 2062 ||| FLEEEEING.
  2076 | D:3      | Reached XP level 5. HP: 44/47 MP: 4/4
  2134 | D:3      | Noticed Jessica
  2139 | D:3      | Killed Jessica
  2177 | D:3      | HP: 7/47 [gnoll sergeant/+0 spear (10)]
  2177 | D:3      | Slain by a gnoll sergeant

Levels and vault maps discovered:
D:1:      lemuel_arrival_funnel, layout_basic, chequers_big_river,
          minmay_close_crescents
D:2:      layout_basic, dreamdust_ecumenical_altar_drowned_temple
D:3:      layout_basic, serial_shops, shop, gammafunk_ghost_abyssal_escape,
          uniq_jessica

Skill      XL: |  1  2  3  4 |
---------------+-------------+-----
Ranged Weapons | 5 6 |  6.3
Fighting       | 3 4 |  4.4
Armour         | 1 |  1.0
Dodging        | |  2.1
Stealth        | |  0.7

Action                     |  1- 3 |  4- 6 || total
---------------------------+-------+-------++-------
   Fire: Shortbow          |    88 |    53 ||   141
    Use: Scroll            |     7 |       ||     7
 Armour: Leather armour    |     5 |       ||     5
  Dodge: Dodged            |    20 |    10 ||    30

Table legend:
 A = Non-vault XP
 B = Vault XP
 C = Vault XP percentage of total XP
 D = Non-vault monster count
 E = Vault monster count
 F = Vault count percentage of total count
                 A         B        C        D         E       F
            +---------+---------+-------+---------+---------+-------
      Total |     214 |      43 |  16.7 |      47 |       6 |  11.3
            +---------+---------+-------+---------+---------+-------
        D:1 |      38 |       5 |  11.6 |      15 |       4 |  21.1
        D:2 |      41 |       1 |   2.4 |      15 |       1 |   6.2
        D:3 |     135 |      37 |  21.5 |      17 |       1 |   5.6
            +---------+---------+-------+---------+---------+-------
